 Dungeon Crawl Stone Soup version 0.18.1-5-g4a78601 (webtiles) character file.

19887 Wooh the Nimble (level 12, -1/63 HPs)
             Began as a Vine Stalker Fighter on May 14, 2016.
             Was an Elder of Dithmenos.
             Headbutted by a minotaur (13 damage)
             ... in a labyrinth.
             The game lasted 00:41:58 (12778 turns).

Wooh the Nimble (Vine Stalker Fighter)             Turns: 12778, Time: 00:41:59

Health: -1/63      AC:  4    Str: 24    XL:     12   Next: 73%
Magic:  0/13       EV: 26    Int:  4    God:    Dithmenos [****..]
Gold:   781        SH: 11    Dex: 23    Spells: 0 memorised, 11 levels left

rFire  . . .     SeeInvis .     E - +7 whip "Arbiter" {vamp, MR++}
rCold  . . .     Gourm    .     I - +1 robe "Peotuxavvi" {MR+ Str+4 Int-4 Dex+2}
rNeg   . . .     Faith    .     c - +0 shield
rPois  .         Spirit   +     a - +0 hat {MR+}
rElec  .         Dismiss  .     (no cloak)
rCorr  .         Reflect  .     w - +0 pair of gloves
SustAt .         Harm     .     (no boots)
MR     +++++                    (no amulet)
Stlth  +++.......               h - +5 ring of evasion
                                s - +3 ring of dexterity

@: wreathed by umbra, almost entirely resistant to hostile enchantments, fairly
stealthy
A: fangs 3, regeneration 3, magic shield, antimagic bite, no device heal 3, rot
immunity
a: Shadow Step, Renounce Religion


You were in a labyrinth.
You worshipped Dithmenos.
Dithmenos was greatly pleased with you.
You were not hungry.

You visited 2 branches of the dungeon, and saw 13 of its levels.
You also visited: Labyrinth and Volcano.

You collected 934 gold pieces.
You spent 153 gold pieces at shops.

Inventory:

Hand Weapons
 E - the +7 whip "Arbiter" (weapon) {vamp, MR++}
   (You found it on level 5 of the Dungeon)

   It inflicts no extra harm, but heals its wielder somewhat when it strikes a
   living foe.
   It affects your resistance to hostile enchantments.
Missiles
 g - 10 bolts
 H - 9 javelins (quivered)
 Q - 33 poisoned needles
Armour
 a - a +0 hat of magic resistance (worn)
 c - a +0 shield (worn)
 o - a +0 fire dragon armour
 w - a +0 pair of gloves (worn)
 I - the +1 robe "Peotuxavvi" (worn) {MR+ Str+4 Int-4 Dex+2}
   (You bought it in a shop on level 8 of the Dungeon)

   It affects your strength (+4).
   It affects your intelligence (-4).
   It affects your dexterity (+2).
   It affects your resistance to hostile enchantments.
Jewellery
 h - a +5 ring of evasion (right hand)
 l - an uncursed ring of flight
 s - a +3 ring of dexterity (left hand)
 C - an uncursed ring of protection from magic
Wands
 p - a wand of disintegration (12/24)
 F - a wand of slowing (26/48)
 U - a wand of polymorph (15/24)
Scrolls
 b - 2 scrolls of acquirement {unknown}
 e - a scroll of fog {unknown}
 j - 8 scrolls of teleportation
 k - 3 scrolls of enchant armour
 n - a scroll of torment {unknown}
 v - 2 scrolls of fear {unknown}
 B - 3 scrolls of remove curse
 J - a scroll of random uselessness {unknown}
 R - 2 scrolls of amnesia {unknown}
 T - 2 scrolls of blinking
 Z - 2 scrolls of identify
Potions
 d - 3 potions of might
 m - 8 potions of curing
 q - a potion of cancellation {unknown}
 r - 2 potions of lignification
 t - a potion of resistance {unknown}
 u - a potion of ambrosia {unknown}
 x - a potion of brilliance {unknown}
 A - 2 potions of degeneration {unknown}
 D - a potion of invisibility {unknown}
 K - 3 potions of agility {unknown}
 N - 3 potions of berserk rage {unknown}
 O - 2 potions of heal wounds {unknown}
Miscellaneous
 X - a phial of floods
Comestibles
 f - 13 bread rations
 z - 3 meat rations
 G - 2 beef jerkies
 L - 11 slices of pizza
 P - 9 royal jellies
 S - 14 fruits


   Skills:
 - Level 7.0 Fighting
   Level 8.3 Long Blades
 + Level 10.2 Maces & Flails
 - Level 2.4 Armour
 - Level 10.6 Dodging
 - Level 5.3 Shields


You had 11 spell levels left.
You didn't know any spells.

Dungeon Overview and Level Annotations

Branches:
Dungeon (10/15)            Temple (0/1) D:6            Lair (3/8) D:10
  Swamp (0/4) Lair:3          Orc (0/2) D:9
  Snake: Lair:3-6    Spider: Lair:3-6

Altars:
Dithmenos
Gozag
Makhleb
Nemelex Xobeh
Trog
Yredelemnul

Shops:
D:8 *


Innate Abilities, Weirdness & Mutations

You have razor-sharp teeth.
You regenerate.
When hurt, damage is shared between your health and your magic reserves.
Your bite disrupts and absorbs the magic of your enemies.
Potions and wands cannot restore your health.
You are immune to rotting.


Message History

The minotaur barely misses you.
You hit the minotaur.
You feel better.
You bite the minotaur! You drain its power.
You feel invigorated.
The minotaur is heavily wounded.
The minotaur zaps a rod.
The lightning hits you!
You hit the minotaur but do no damage.
You bite the minotaur, but do no damage.
The minotaur is heavily wounded.
You hit the minotaur. Your bite misses the minotaur.
The minotaur is heavily wounded.
The minotaur zaps a rod.
The lightning misses you.
You barely miss the minotaur.
You bite the minotaur, but do no damage.
The minotaur is heavily wounded.
The minotaur zaps a rod.
The lightning hits you!
* * * LOW HITPOINT WARNING * * *
You emit a cloud of dark smoke.
You barely miss the minotaur.
The minotaur furiously retaliates!
The minotaur headbutts you!
You die...

# #.# #.# ..
# . . #.#
#.. .. . .
...#.# .. #
#.#.#.# ####
. #.. #.#.
...# # #
#### #.###.#
#...
.....#.#
#.##########
#.§§@H§....<
############


You could see a minotaur.

Vanquished Creatures
  Gastronok (Lair:1)
  A hydra (Lair:1)
  Erica (Lair:1)
  The ghost of NicuTudor the Cleaver, a novice HOFi of Makhleb (D:10)
  Urug (Lair:1)
  Pikel (D:6)
  A hill giant (D:10)
  A black mamba (Lair:2)
  Joseph (D:7)
  A molten gargoyle (Volcano)
  A spiny frog (Lair:1)
  3 gargoyles (Volcano)
  3 trolls
  A queen bee (Lair:2)
  9 blink frogs
  A shadow (D:10)
  3 wyverns
  A spriggan (D:8)
  A human (D:8)
  17 yaks
  2 hippogriffs (Lair:1)
  A hungry ghost (Lab)
  Edmund (D:6)
  A water moccasin (Lair:1)
  Duvessa (D:6)
  2 orc warriors
  3 porcupines (Lair:1)
  An ice beast (D:5)
  A sky beast (D:8)
  The ghost of namelastname112 the Skirmisher, an amateur DrFi of Elyvilon (D:4)
  A black bear (D:4)
  A phantom (D:10)
  4 ogres
  4 centaurs
  4 crocodiles
  7 giant frogs
  A wyvern zombie (D:10)
  An earth elemental (Lab)
  A gnoll sergeant (D:8)
  Dowan (D:6)
  2 scorpions
  3 jellies
  29 killer bees
  5 wights (D:6)
  4 crimson imps (D:5)
  A centaur zombie (D:7)
  7 hounds
  6 orc priests
  2 centaur skeletons
  A giant frog skeleton (D:10)
  7 iguanas
  Natasha (thrice) (D:3 D:6)
  11 orc wizards
  6 worker ants
  A killer bee zombie (D:7)
  6 sheep (Lair:2)
  2 hound skeletons (D:8)
  11 gnolls
  9 adders
  20 river rats (Lair:1)
  4 shadow imps
  An adder zombie (D:7)
  2 adder skeletons (D:7)
  2 worms (D:2)
  3 dart slugs
  3 giant geckos
  47 orcs
  5 giant cockroaches
  6 goblins
  7 hobgoblins
  10 jackals
  4 kobolds
  2 quokkas (D:3)
  9 bats
  6 giant newts
  A jackal zombie (D:6)
  A kobold zombie (D:8)
  13 rats
351 creatures vanquished.

Vanquished Creatures (others)
  A jackal zombie (D:6)
  A plant (Lair:1)
2 creatures vanquished.

Grand Total: 353 creatures vanquished

Notes
Turn   | Place    | Note
--------------------------------------------------------------
     0 | D:1      | Wooh the Vine Stalker Fighter began the quest for the Orb.
     0 | D:1      | Reached XP level 1. HP: 11/11 MP: 2/2
   231 | D:1      | Reached XP level 2. HP: 14/16 MP: 3/3
  1048 | D:2      | Reached XP level 3. HP: 19/19 MP: 4/4
  1384 | D:2      | Noticed a moth of wrath
  1387 | D:2      | Found a bloodstained altar of Trog.
  1410 | D:2      | Reached XP level 4. HP: 17/23 MP: 5/5
  1711 | D:3      | Found a shadowy altar of Dithmenos.
  1766 | D:3      | Noticed Natasha
  1783 | D:3      | Killed Natasha
  1783 | D:3      | Reached XP level 5. HP: 23/27 MP: 6/6
  1810 | D:3      | Became a worshipper of Dithmenos the Shadowed
  1922 | D:3      | Noticed Natasha
  1930 | D:3      | Killed Natasha
  2264 | D:3      | Reached skill level 5 in Long Blades
  2335 | D:4      | Found a burning altar of Makhleb.
  2370 | D:4      | Gained mutation: You heal very quickly. [Vine Stalker growth]
  2370 | D:4      | Reached XP level 6. HP: 32/32 MP: 7/7
  2426 | D:4      | Noticed namelastname112's ghost (amateur DrFi)
  2654 | D:4      | Reached * piety under Dithmenos
  2701 | D:4      | Killed namelastname112's ghost
  2701 | D:4      | Reached XP level 7. HP: 28/35 MP: 6/8
  3342 | D:5      | Entered Level 5 of the Dungeon
  3552 | D:5      | Gained mutation: You have razor-sharp teeth. [Vine Stalker growth]
  3552 | D:5      | Reached XP level 8. HP: 39/39 MP: 7/9
  3560 | D:5      | Got a steaming whip
  3570 | D:5      | Identified the +7 whip "Arbiter" {vamp, MR++} (You found it on level 5 of the Dungeon)
  3782 | D:6      | Noticed Duvessa
  3787 | D:6      | Noticed Dowan
  3812 | D:6      | Killed Duvessa
  3821 | D:6      | Killed Dowan
  3821 | D:6      | Reached ** piety under Dithmenos
  3884 | D:6      | Reached skill level 5 in Fighting
  3919 | D:5      | Reached skill level 1 in Maces & Flails
  4995 | D:6      | Reached XP level 9. HP: 42/47 MP: 10/10
  5115 | D:6      | Found a staircase to the Ecumenical Temple.
  5122 | D:6      | Noticed Pikel
  5132 | D:6      | Noticed Edmund
  5137 | D:6      | Killed Pikel
  5151 | D:6      | Killed Edmund
  5250 | D:6      | Noticed Natasha
  5256 | D:6      | Killed Natasha
  5592 | D:7      | You fall through a shaft for 2 floors!
  5744 | D:9      | Found a staircase to the Orcish Mines.
  5927 | D:8      | Noticed a troll
  5944 | D:8      | Killed a troll
  5988 | D:8      | Reached *** piety under Dithmenos
  6002 | D:8      | Found Xax Syll's Assorted Antiques.
  6021 | D:8      | Reached skill level 5 in Shields
  6023 | D:8      | Reached XP level 10. HP: 48/51 MP: 9/11
  6047 | D:8      | Bought a heavily jewelled robe for 153 gold pieces
  6057 | D:8      | Identified the cursed +1 robe "Peotuxavvi" {MR+ Str+4 Int-4 Dex+2} (You bought it in a shop on level 8 of the Dungeon)
  6188 | D:8      | Reached skill level 1 in Dodging
  6294 | D:8      | Found a runed door.
  6300 | D:8      | Found a basalt altar of Yredelemnul.
  6562 | D:7      | Noticed Joseph
  6575 | D:7      | Killed Joseph
  6942 | D:7      | Found a sparkling altar of Nemelex Xobeh.
  6942 | D:7      | Found a basalt altar of Yredelemnul.
  7499 | D:9      | Reached skill level 5 in Dodging
  7817 | D:9      | Reached **** piety under Dithmenos
  7946 | D:10     | Entered Level 10 of the Dungeon
  8057 | D:10     | Noticed a hill giant
  8068 | D:10     | Killed a hill giant
  8068 | D:10     | Reached XP level 11. HP: 56/56 MP: 12/12
  8109 | D:10     | Noticed NicuTudor's ghost (novice HOFi)
  8144 | D:10     | Killed NicuTudor's ghost
  8321 | D:10     | Found a staircase to the Lair.
  8783 | Lair:1   | Entered Level 1 of the Lair of Beasts
  8862 | Lair:1   | Noticed a four-headed hydra
  8921 | Lair:1   | Reached skill level 10 in Dodging
  8961 | Lair:1   | Noticed Erica
  8969 | Lair:1   | Killed Erica
  8970 | Lair:1   | Found a dark tunnel.
  8977 | Volcano  | Entered a volcano
  9081 | Volcano  | Gained mutation: You regenerate. [Vine Stalker growth]
  9081 | Volcano  | Reached XP level 12. HP: 47/60 MP: 10/13
  9349 | Lair:1   | Killed a four-headed hydra
  9772 | Lair:1   | Noticed Urug
  9795 | Lair:1   | Killed Urug
  9903 | Lair:1   | Noticed Gastronok
  9924 | Lair:1   | Killed Gastronok
 10680 | Lair:2   | Reached ***** piety under Dithmenos
 10709 | Lair:2   | Found an opulent altar of Gozag.
 11401 | Lair:3   | Found a labyrinth entrance.
 11420 | Lair:3   | Reached skill level 10 in Maces & Flails
 11438 | Lab      | Entered a labyrinth
 12766 | Lab      | Noticed a minotaur
 12778 | Lab      | Headbutted by a minotaur

Skill      XL: |  1  2  3  4  5  6  7  8  9 10 11 12 |
---------------+-------------------------------------+-----
Long Blades    | 2 3 4 5 6 8 |  8.3
Fighting       | 5 7 |  7.0
Maces & Flails | 3 7 10 | 10.2
Shields        | 5 |  5.3
Dodging        | 7 10 | 10.6
Armour         | |  2.4

Action                   |  1- 3 |  4- 6 |  7- 9 | 10-12 || total
-------------------------+-------+-------+-------+-------++-------
Melee: Long sword        |   123 |   180 |   106 |       ||   409
       Bite              |    28 |    55 |   128 |   385 ||   596
       Whip              |       |       |   243 |   813 ||  1056
Throw: Javelin           |       |       |       |     2 ||     2
  Use: Scroll            |       |       |     1 |    11 ||    12
 Stab: Sleeping          |       |       |       |    13 ||    13
  Eat: Chunk             |     2 |     4 |     8 |    15 ||    29
       Royal jelly       |       |       |     2 |       ||     2
       Bread ration      |       |       |     1 |       ||     1
       Meat ration       |       |       |       |     2 ||     2
Armor: Scale mail        |    66 |    61 |    89 |     2 ||   218
       Robe              |       |       |       |    21 ||    21
       Fire dragon armou |       |       |       |     1 ||     1
Dodge: Dodged            |    48 |    61 |   176 |   405 ||   690
Block: Shield            |    67 |    69 |   178 |   366 ||   680
